 Dungeon Sprint DCSS version 0.30-a0-711-gf4ac18a38d (webtiles) character file.

Game seed: 9768622666096446034

1076 mhtbhm the Geomancer (level 8, -5/42 HPs)
             Began as a Gargoyle Earth Elementalist on Jan 21, 2023.
             Was a Believer of Vehumet.
             Slain by a boulder beetle (47 damage)
             ... in the Dungeon (Sprint IX: "|||||||||||||||||||||||||||||") on Jan 22, 2023.
             The game lasted 00:04:43 (703 turns).

mhtbhm the Geomancer (Gargoyle Earth Elementalist)   Turns: 703, Time: 00:04:43

Health: -5/42      AC:  8    Str: 15    XL:     8   Next: 29%
Magic:  8/22       EV: 13    Int: 21    God:    Vehumet [**....]
Gold:   0          SH:  0    Dex: 10    Spells: 17/27 levels left

rFire   . . .      SeeInvis .    b - +2 dire flail (protect)
rCold   . . .      Faith    .    (shield currently unavailable)
rNeg    + . .      Spirit   .    a - +0 robe
rPois   ∞          Reflect  .    j - +0 helmet
rElec   +          Harm     .    k - +0 cloak
rCorr   .          Rampage  .    (no gloves)
Will    .....      NoTele   +    (no boots)
Stlth   +++                      (no amulet)
HPRegen 0.00/turn                l - +3 ring of intelligence
MPRegen 0.18/turn                m - +3 ring of strength

@: inhibited regen
A: sickness immunity, AC +5, negative energy resistance 1, electricity
resistance, torment resistance 1, petrification resistance, deformed body,
inhibited regeneration
a: Renounce Religion


You were in the Dungeon.
You worshipped Vehumet.
Vehumet was pleased with you.
You visited 1 branch

Inventory:

Hand Weapons
 b - a +2 dire flail of protection (weapon)
Armour
 a - a +0 robe (worn)
 j - a +0 helmet (worn)
 k - a +0 cloak (worn)
Jewellery
 l - a +3 ring of intelligence (left hand)
 m - a +3 ring of strength (right hand)
Wands
 i - a wand of iceblast (1)
Scrolls
 g - 2 scrolls of amnesia
 h - a scroll of blinking
Potions
 c - 5 potions of curing
 e - a potion of heal wounds
 f - a potion of berserk rage


   Skills:
 + Level 0.3 Fighting
 + Level 4.5 Dodging
 + Level 5.7 Stealth
 + Level 10.3 Spellcasting
 + Level 2.2 Conjurations
 + Level 2.3 Transmutations
 + Level 14.0 Earth Magic
 + Level 0.4 Evocations


You had 17 spell levels left.
You knew the following spells:

 Your Spells              Type           Power      Damage    Failure   Level
a - Sandblast             Erth           100%       2d20      1%          1
b - Passwall              Tmut/Erth      37%        N/A       1%          2
c - Stone Arrow           Conj/Erth      90%        3d12      1%          3
d - Petrify               Tmut/Erth      45%        N/A       2%          4

Your spell library contained the following spells:

 Spells                   Type           Power      Damage    Failure   Level
 Static Discharge         Conj/Air       30%        2-4/arc   6%          2


Dungeon Overview and Level Annotations

Branches:
Dungeon (1/1)

Altars:
Cheibriados
Dithmenos
Elyvilon
Fedhas
Gozag
Hepliaklqana
Kikubaaqudgha
Makhleb
Nemelex Xobeh
Okawaru
Qazlal
Ru
Sif Muna
Trog
Uskayaw
Vehumet
Wu Jian
Xom
Yredelemnul
Zin
The Shining One
Jiyva
Lugonu


Innate Abilities, Weirdness & Mutations

You are immune to sickness and miasma.
Your stone body is resilient. (AC +5)
You are immune to poison.
You resist negative energy. (rN+)
You are resistant to electric shocks. (rElec)
You are resistant to unholy torment.
You are immune to petrification.
Armour fits poorly on your strangely shaped body.
You do not regenerate when monsters are visible.


Message History

The stone arrow hits the boulder beetle!
The boulder beetle is moderately wounded.
Unknown command.
Casting: Stone Arrow (safe; 1% risk of failure)
Confirm with . or Enter, or press ? or * to list all spells.
Aiming: Stone Arrow (safe; 1% risk of failure)
Press: ? - help, Shift-Dir - straight line, f/p - boulder beetle
Aim: a boulder beetle (moderately wounded, petrified, 100% to hit)
The stone arrow hits the boulder beetle!
The boulder beetle is moderately wounded.
Unknown command.
Casting: Stone Arrow (safe; 1% risk of failure)
Confirm with . or Enter, or press ? or * to list all spells.
Aiming: Stone Arrow (safe; 1% risk of failure)
Press: ? - help, Shift-Dir - straight line, f/p - boulder beetle
Aim: a boulder beetle (moderately wounded, petrified, 100% to hit)
The stone arrow hits the boulder beetle!
The boulder beetle is moderately wounded.
The boulder beetle is no longer petrified.
The boulder beetle curls into a ball and begins rolling!
Unknown command.
Aiming: Iceblast
Press: ? - help, Shift-Dir - straight line, f/p - boulder beetle
Aim: a boulder beetle (moderately wounded, rolling)
The mass of ice explodes!
The iceblast engulfs the boulder beetle!
The boulder beetle is heavily wounded.
The iceblast engulfs the boulder beetle.
The boulder beetle is lightly wounded.
Unknown command.
Aiming: Iceblast
Press: ? - help, Shift-Dir - straight line, f/p - boulder beetle
Aim: a boulder beetle (heavily wounded, rolling)
The mass of ice explodes!
The iceblast engulfs the boulder beetle but does no damage.
The boulder beetle is heavily wounded.
The boulder beetle curls into a ball and begins rolling!
The boulder beetle hits you!!!
Ouch! That really hurt!
You die... ▓▓▓▓▓▓▓▓▓▓▓▓▓▓▓▓▓▓▓▓▓▓▓▓▓▓▓▓▓▓▓ _______'..).[.[.@B○°BQH.'.hH..{ ▓▓▓▓▓▓▓▓▓▓▓▓▓▓▓▓▓▓▓▓▓▓▓▓▓▓▓▓▓▓▓

You could see 2 boulder beetles, a tengu warrior and a manticore.

Vanquished Creatures
  A kobold demonologist (D)
  2 yaks (D)
  A wraith (D)
  An acid dragon (D)
  A black bear (D)
  A kobold brigand (D)
  A howler monkey (D)
  An iguana (D)
  2 adders (D)
  An orc (D)
  A ball python (D)
  A goblin (D)
  A hobgoblin (D)
  A frilled lizard (D)
  A kobold (D)
17 creatures vanquished.

Notes
Turn   | Place    | Note
-------+----------+-------------------------------------------
     0 | D        | mhtbhm the Gargoyle Earth Elementalist began the quest for
                  | the Orb.
     0 | D        | Reached XP level 1. HP: 10/10 MP: 3/3
     5 | D        | Reached skill level 4 in Earth Magic
    10 | D        | Reached skill level 5 in Earth Magic
    34 | D        | Noticed a black bear
    34 | D        | Noticed an iguana
    50 | D        | Reached XP level 2. HP: 10/15 MP: 3/5
    53 | D        | Killed a black bear
    54 | D        | Reached skill level 8 in Earth Magic
    54 | D        | Reached XP level 3. HP: 3/19 MP: 1/9
    54 | D        | Reached XP level 4. HP: 4/24 MP: 1/10
   147 | D        | Learned a level 2 spell: Passwall
   151 | D        | Learned a level 3 spell: Stone Arrow
   156 | D        | Learned a level 4 spell: Petrify
   159 | D        | Reached skill level 9 in Earth Magic
   160 | D        | Reached XP level 5. HP: 28/28 MP: 8/11
   162 | D        | Reached skill level 5 in Spellcasting
   162 | D        | Reached skill level 1 in Transmutations
   243 | D        | Found a snail-covered altar of Cheibriados.
   243 | D        | Found a shadowy altar of Dithmenos.
   243 | D        | Found a white marble altar of Elyvilon.
   243 | D        | Found a blossoming altar of Fedhas.
   243 | D        | Found an opulent altar of Gozag.
   244 | D        | Found a hazy altar of Hepliaklqana.
   245 | D        | Found a viscous altar of Jiyva.
   246 | D        | Found an ancient bone altar of Kikubaaqudgha.
   247 | D        | Found a corrupted altar of Lugonu.
   248 | D        | Found a burning altar of Makhleb.
   249 | D        | Found a sparkling altar of Nemelex Xobeh.
   250 | D        | Found an iron altar of Okawaru.
   251 | D        | Found a stormy altar of Qazlal.
   252 | D        | Found a sacrificial altar of Ru.
   253 | D        | Found a shimmering blue altar of Sif Muna.
   254 | D        | Found a bloodstained altar of Trog.
   255 | D        | Found a hide-covered altar of Uskayaw.
   256 | D        | Found a radiant altar of Vehumet.
   257 | D        | Found an ornate altar of the Wu Jian Council.
   258 | D        | Found a shimmering altar of Xom.
   259 | D        | Found a basalt altar of Yredelemnul.
   260 | D        | Found a glowing silver altar of Zin.
   261 | D        | Found a glowing golden altar of the Shining One.
   264 | D        | Became a worshipper of Vehumet
   332 | D        | Noticed a yak
   332 | D        | Noticed a kobold demonologist
   332 | D        | Noticed a yak
   332 | D        | Noticed a wraith
   332 | D        | Noticed an acid dragon
   332 | D        | Noticed a kobold brigand
   339 | D        | Noticed a neqoxec
   342 | D        | Gained mutation: You have hidden genetic defects. [a
                  | neqoxec]
   355 | D        | Killed a yak
   356 | D        | Reached skill level 11 in Earth Magic
   356 | D        | Reached XP level 6. HP: 24/33 MP: 3/15
   360 | D        | Killed a kobold demonologist
   361 | D        | Reached skill level 5 in Stealth
   361 | D        | Reached skill level 1 in Conjurations
   361 | D        | Reached skill level 12 in Earth Magic
   361 | D        | Reached XP level 7. HP: 29/37 MP: 14/19
   363 | D        | Killed a yak
   363 | D        | Reached * piety under Vehumet
   363 | D        | Offered knowledge of Foxfire by Vehumet.
   364 | D        | Reached skill level 13 in Earth Magic
   364 | D        | Gained mutation: Armour fits poorly on your strangely
                  | shaped body. [hidden defects]
   365 | D        | Killed a wraith
   366 | D        | Reached XP level 8. HP: 17/42 MP: 6/21
   368 | D        | Reached skill level 10 in Spellcasting
   385 | D        | Gained mutation: You do not regenerate when monsters are
                  | visible. [hidden defects]
   385 | D        | Lost mutation: You have hidden genetic defects. [hidden
                  | defects expressed]
   419 | D        | Reached ** piety under Vehumet
   499 | D        | Upgraded the game from 0.30-a0-696-g2367cd04db to
                  | 0.30-a0-711-gf4ac18a38d
   516 | D        | Noticed a boulder beetle
   516 | D        | Noticed a boulder beetle
   516 | D        | Noticed a tengu warrior
   516 | D        | Noticed a manticore
   516 | D        | Noticed a shadow
   669 | D        | Offered knowledge of Static Discharge by Vehumet.
   670 | D        | Reached skill level 14 in Earth Magic
   703 | D        | Slain by a boulder beetle

Illustrated notes

Levels and vault maps discovered:
D:        linesprint [early_d, line_temple, items_1, d_10, items_2, lair_1,
          lair_end, items_3, orc_1, orc_end, items_4, d_15, swamp_1, shoals_1,
          snake_1, spider_1, d_20, vaults_1, items_5, swamp_end, shoals_end,
          snake_end, spider_end, vaults_end, d_27, items_6, zot_1, zot_end,
          crypt_end, forest_end, elf_end, slime_end, tomb_end, abyss_end,
          pan_hell_end]

Skill      XL: |  1  2  3  4  5  6  7  8 |
---------------+-------------------------+-----
Earth Magic    | 5 8 9 11 12 13 14 | 14.0
Dodging        | 2 3 4 |  4.5
Stealth        | 3 4 5 |  5.7
Spellcasting   | 4 6 8 9 10 | 10.3
Transmutations | 1 2 |  2.3
Conjurations   | 1 2 |  2.2
Fighting       | |  0.3
Evocations     | |  0.4

Action                     |  1- 3 |  4- 6 |  7- 9 || total
---------------------------+-------+-------+-------++-------
   Cast: Sandblast         |    11 |    16 |    10 ||    37
         Stone Arrow       |       |     5 |    16 ||    21
         Petrify           |       |     1 |     4 ||     5
  Evoke: Wand              |       |     1 |     8 ||     9
    Use: Potion            |     4 |     4 |     1 ||     9
         Scroll            |       |     1 |       ||     1
 Armour: Robe              |     2 |    10 |     3 ||    15
  Dodge: Dodged            |     3 |    20 |     6 ||    29

Table legend: (Time is in decaauts)
 A = Elapsed time spent in this place.
 B = Non-inter-level travel time spent in this place.
 C = Inter-level travel time spent in this place.
 D = Time resting spent in this place.
 E = Time spent auto-exploring this place.
 F = Levels seen in this place.
 G = Mean time per level.
                   A        B        C        D        E       F      G
               +--------+--------+--------+--------+--------+-----+--------+
         Total |    708 |    708 |      0 |    337 |      8 |   1 |  708.0 |
       Dungeon |    708 |    708 |      0 |    337 |      8 |   1 |  708.0 |
               +--------+--------+--------+--------+--------+-----+--------+

Top non-repeatable levels by time:
       D: 708 daAuts
